[ AOE2 MATCH · #478135272 ]
UnrankedSicilians vs Wu
[ REPLAY ANALYSIS · EXTRACTED FROM THE RECORDED GAME ]
Feudal
10:59
Castle
24:58
Imperial
—
| APM avg | 35.1 |
| APM peak | 88 |
| eAPM avg | 14.0 |
| Villagers / military | 52 / 22 |
Focus
⚔️ 21.0% · 🌾 79.0%
Serjeant ×22
Feudal
9:42
Castle
19:24
Imperial
—
| APM avg | 23.2 |
| APM peak | 80 |
| eAPM avg | 9.7 |
| Villagers / military | 41 / 24 |
Focus
⚔️ 32.6% · 🌾 67.4%
Militia ×12 · Spearman ×12
Feudal
10:57
Castle
19:04
Imperial
—
| APM avg | 34.4 |
| APM peak | 71 |
| eAPM avg | 13.3 |
| Villagers / military | 63 / 16 |
Focus
⚔️ 23.7% · 🌾 76.3%
Knight ×13 · Battering Ram ×2 · Mangonel ×1
Feudal
9:28
Castle
20:52
Imperial
—
| APM avg | 21.7 |
| APM peak | 48 |
| eAPM avg | 11.5 |
| Villagers / military | 49 / 14 |
Focus
⚔️ 15.4% · 🌾 84.6%
Archer ×6 · Spearman ×6 · Mangonel ×2
Feudal
8:33
Castle
21:34
Imperial
—
| APM avg | 71.9 |
| APM peak | 118 |
| eAPM avg | 28.4 |
| Villagers / military | 74 / 21 |
Focus
⚔️ 38.9% · 🌾 61.1%
Mangudai ×16 · Scout Cavalry ×5
Feudal
12:26
Castle
20:27
Imperial
—
| APM avg | 23.8 |
| APM peak | 66 |
| eAPM avg | 9.3 |
| Villagers / military | 34 / 10 |
Focus
⚔️ 12.8% · 🌾 87.2%
Spearman ×5 · Skirmisher ×5
Feudal
9:54
Castle
14:01
Imperial
—
| APM avg | 18.4 |
| APM peak | 56 |
| eAPM avg | 12.8 |
| Villagers / military | 84 / 20 |
Focus
⚔️ 25.2% · 🌾 74.8%
Knight ×13 · Battering Ram ×3 · Mangonel ×2 · Scorpion ×2
Feudal
9:13
Castle
25:54
Imperial
—
| APM avg | 28.4 |
| APM peak | 65 |
| eAPM avg | 12.3 |
| Villagers / military | 40 / 22 |
Focus
⚔️ 33.7% · 🌾 66.3%
Archer ×12 · Spearman ×9 · Unknown (2550) ×3 · Mangonel ×1
Match map
Initial resources + every placement click. Lines = walls · curves = elevation contours. ◆ gold · ⬟ stone · ● berries · ✦ relic · ◌ wall gap
Your base· ✓ Closed at 24:58 · 16t walls · no gate
[LHS] | nw.kokakkola's base· ✓ Closed at 19:24 · 35t walls · no gate
TM PIMPON's base· ✓ Closed at 19:04 · 27t walls · 3 gate(s)
[LHS] | yinzerito's base· ✓ Closed at 20:52 · 25t walls · 1 gate(s)
IhateArena's base· ✓ Closed at 21:34 · 61t walls · 2 gate(s)
[LHS] | Giancarlo's base· Open — unwalled flank
ComeCanchaDelAño's base· Open — unwalled flank
[LHS] | Sikeljam's base· Open — unwalled flank
Smoothed initial terrain · ◌ = detected wall gap · hover for details
Inputs per minute
— Nerdyx - - [LHS] | nw.kokakkola
Build order — Nerdyx
142 actions detected in the replay
| 0:02 | Create | Villager (Male) |
| 0:02 | Create | Villager (Male) |
| 0:02 | Build | House |
| 0:04 | Build | House |
| 0:20 | Create | Villager (Male) |
| 0:20 | Create | Villager (Male) |
| 1:35 | Build | Lumber Camp |
| 1:35 | Create | Villager (Male) |
| 2:03 | Create | Villager (Male) |
| 2:30 | Create | Villager (Male) |
| 2:30 | Create | Villager (Male) |
| 3:07 | Create | Villager (Male) |
| 3:07 | Create | Villager (Male) |
| 3:39 | Build | House |
| 3:40 | Build | House |
| 3:50 | Create | Villager (Male) |
| 3:50 | Create | Villager (Male) |
| 3:50 | Create | Villager (Male) |
| 4:10 | Create | Villager (Male) |
| 4:28 | Build | Mill |
| 4:32 | Build | House |
| 5:19 | Create | Villager (Male) |
| 5:28 | Create | Villager (Male) |
| 5:44 | Create | Villager (Male) |
| 6:14 | Create | Villager (Male) |
| 6:36 | Create | Villager (Male) |
| 7:01 | Build | Mining Camp |
| 7:05 | Create | Villager (Male) |
| 7:54 | Create | Villager (Male) |
| 7:57 | Build | Mining Camp |
| 8:02 | Build | Mining Camp |
| 8:24 | Research | Loom |
| 8:26 | Research | Feudal Age |
| 8:26 | Research | Feudal Age |
| 8:30 | Build | House |
| 9:10 | Build | Farm |
| 9:11 | Build | Farm |
| 9:16 | Build | Farm |
| 9:17 | Build | Farm |
| 9:36 | Create | Villager (Male) |
| 9:47 | Create | Villager (Male) |
| 10:59 | Age | Feudal Age |
| 11:03 | Research | Double-Bit Axe |
| 11:04 | Create | Villager (Male) |
| 11:29 | Create | Villager (Male) |
| 11:38 | Build | Blacksmith |
| 11:43 | Build | House |
| 11:48 | Build | House |
| 11:51 | Build | House |
| 12:21 | Build | Donjon |
| 12:23 | Create | Villager (Male) |
| 12:31 | Create | Villager (Male) |
| 12:35 | Build | Farm |
| 12:44 | Build | Farm |
| 12:54 | Build | House |
| 12:57 | Build | House |
| 13:07 | Research | Scale Mail Armor |
| 13:14 | Build | Farm |
| 13:16 | Create | Villager (Male) |
| 13:31 | Create | Villager (Male) |
| 13:47 | Create | Serjeant |
| 13:47 | Create | Serjeant |
| 14:09 | Create | Villager (Male) |
| 14:33 | Build | Market |
| 14:36 | Create | Villager (Male) |
| 15:20 | Create | Villager (Male) |
| 15:21 | Create | Villager (Male) |
| 15:47 | Create | Serjeant |
| 15:47 | Create | Serjeant |
| 15:50 | Build | House |
| 16:14 | Build | Farm |
| 16:17 | Create | Villager (Male) |
| 16:27 | Build | House |
| 16:34 | Create | Villager (Male) |
| 16:44 | Build | Farm |
| 17:03 | Build | Stone Wall |
| 17:17 | Build | Lumber Camp |
| 17:20 | Build | Farm |
| 17:23 | Build | Farm |
| 17:25 | Build | Farm |
| 17:28 | Build | Farm |
| 17:54 | Create | Serjeant |
| 17:54 | Create | Serjeant |
| 18:12 | Research | Forging |
| 18:16 | Create | Villager (Male) |
| 18:27 | Build | Stone Wall |
| 18:30 | Build | Stone Wall |
| 18:35 | Create | Villager (Male) |
| 18:56 | Create | Serjeant |
| 19:22 | Create | Serjeant |
| 19:37 | Create | Serjeant |
| 19:51 | Create | Serjeant |
| 20:00 | Create | Villager (Male) |
| 20:02 | Build | Farm |
| 20:02 | Build | Farm |
| 20:06 | Build | Farm |
| 20:12 | Create | Villager (Male) |
| 20:51 | Build | Lumber Camp |
| 20:59 | Build | Farm |
| 21:01 | Build | Farm |
| 21:10 | Create | Serjeant |
| 21:25 | Research | Fletching |
| 21:28 | Create | Villager (Male) |
| 21:45 | Build | Donjon |
| 21:49 | Create | Serjeant |
| 21:54 | Build | Farm |
| 22:18 | Research | Castle Age |
| 23:09 | Create | Serjeant |
| 23:10 | Create | Serjeant |
| 23:15 | Create | Villager (Male) |
| 23:15 | Create | Villager (Male) |
| 23:22 | Research | Horse Collar |
| 23:43 | Research | Gold Mining |
| 24:00 | Build | Donjon |
| 24:43 | Create | Villager (Male) |
| 24:55 | Create | Serjeant |
| 24:55 | Create | Serjeant |
| 24:57 | Research | Stone Mining |
| 24:58 | Age | Castle Age |
| 25:04 | Research | Bodkin Arrow |
| 25:48 | Create | Serjeant |
| 25:48 | Create | Serjeant |
| 25:51 | Create | Villager (Male) |
| 25:58 | Build | Town Center |
| 26:21 | Build | Town Center |
| 26:24 | Research | Bow Saw |
| 26:28 | Create | Villager (Male) |
| 26:28 | Create | Villager (Male) |
| 26:50 | Research | Chain Mail Armor |
| 26:51 | Research | Chain Mail Armor |
| 27:42 | Create | Serjeant |
| 27:42 | Create | Serjeant |
| 29:19 | Build | Donjon |
| 29:22 | Create | Serjeant |
| 29:22 | Create | Serjeant |
| 29:27 | Research | Iron Casting |
| 29:31 | Create | Villager (Male) |
| 29:31 | Create | Villager (Male) |
| 29:34 | Create | Villager (Male) |
| 29:34 | Create | Villager (Male) |
| 29:37 | Create | Villager (Male) |
| 29:37 | Create | Villager (Male) |
Build order — [LHS] | nw.kokakkola
126 actions detected in the replay
| 0:02 | Create | Villager (Male) |
| 0:02 | Create | Villager (Male) |
| 0:02 | Create | Villager (Male) |
| 0:03 | Build | House |
| 0:05 | Build | House |
| 0:06 | Create | Villager (Male) |
| 0:06 | Create | Villager (Male) |
| 1:39 | Create | Villager (Male) |
| 1:58 | Create | Villager (Male) |
| 2:25 | Create | Villager (Male) |
| 2:52 | Create | Villager (Male) |
| 3:18 | Create | Villager (Male) |
| 3:38 | Create | Villager (Male) |
| 3:40 | Build | Mill |
| 3:51 | Build | House |
| 4:18 | Create | Villager (Male) |
| 4:18 | Create | Villager (Male) |
| 4:19 | Create | Villager (Male) |
| 5:02 | Create | Villager (Male) |
| 5:35 | Build | House |
| 5:40 | Create | Villager (Male) |
| 5:53 | Create | Villager (Male) |
| 6:14 | Create | Villager (Male) |
| 6:17 | Build | Lumber Camp |
| 6:33 | Research | Loom |
| 7:33 | Research | Feudal Age |
| 7:38 | Build | Barracks |
| 8:11 | Create | Villager (Male) |
| 8:11 | Create | Villager (Male) |
| 8:44 | Build | Mining Camp |
| 9:02 | Create | Militia |
| 9:03 | Create | Militia |
| 9:36 | Build | House |
| 9:42 | Age | Feudal Age |
| 10:10 | Build | Farm |
| 10:10 | Build | Farm |
| 10:17 | Build | Farm |
| 10:17 | Build | Farm |
| 10:17 | Build | Farm |
| 10:21 | Create | Villager (Male) |
| 10:28 | Build | Farm |
| 10:32 | Create | Militia |
| 10:46 | Create | Villager (Male) |
| 11:02 | Research | Man-at-Arms (upgrade) |
| 11:14 | Create | Villager (Male) |
| 11:23 | Build | Farm |
| 11:26 | Build | Farm |
| 11:36 | Create | Villager (Male) |
| 12:07 | Create | Villager (Male) |
| 12:28 | Create | Villager (Male) |
| 12:31 | Build | Farm |
| 12:42 | Build | House |
| 12:46 | Build | House |
| 13:06 | Build | Farm |
| 13:21 | Create | Villager (Male) |
| 13:39 | Create | Villager (Male) |
| 13:43 | Build | Farm |
| 13:43 | Build | Farm |
| 15:48 | Build | Market |
| 15:53 | Build | Blacksmith |
| 15:59 | Build | Palisade Wall |
| 16:02 | Build | Palisade Wall |
| 16:07 | Build | Palisade Wall |
| 16:10 | Build | Palisade Wall |
| 16:16 | Build | Palisade Wall |
| 16:21 | Build | Palisade Wall |
| 16:36 | Research | Scale Mail Armor |
| 16:44 | Research | Castle Age |
| 17:38 | Create | Villager (Male) |
| 18:38 | Create | Villager (Male) |
| 18:40 | Research | Double-Bit Axe |
| 18:46 | Build | Farm |
| 18:48 | Build | Farm |
| 18:53 | Research | Horse Collar |
| 19:24 | Age | Castle Age |
| 19:38 | Research | Long Swordsman (upgrade) |
| 19:56 | Create | Militia |
| 20:14 | Create | Villager (Male) |
| 20:21 | Build | Town Center |
| 20:42 | Create | Spearman |
| 20:44 | Build | Monastery |
| 20:46 | Build | Monastery |
| 21:22 | Research | Pikeman (upgrade) |
| 21:31 | Build | Barracks |
| 21:34 | Create | Villager (Male) |
| 21:34 | Create | Villager (Male) |
| 22:29 | Build | Palisade Gate |
| 22:45 | Create | Militia ×5 |
| 22:48 | Research | Chain Mail Armor |
| 22:50 | Create | Villager (Male) |
| 22:51 | Create | Villager (Male) |
| 22:57 | Build | Farm |
| 22:57 | Build | Farm |
| 22:57 | Build | Farm |
| 22:58 | Build | Farm |
| 22:58 | Build | Farm |
| 22:58 | Build | Farm |
| 23:19 | Create | Villager (Male) |
| 23:20 | Create | Villager (Male) |
| 23:36 | Build | Farm |
| 23:44 | Build | House |
| 23:49 | Build | House |
| 24:04 | Research | Forging |
| 24:18 | Create | Villager (Male) |
| 24:18 | Create | Villager (Male) |
| 25:01 | Create | Spearman ×5 |
| 25:08 | Build | Farm |
| 25:11 | Build | Farm |
| 25:15 | Build | Farm |
| 25:15 | Build | Farm |
| 25:21 | Build | Farm |
| 25:21 | Build | Farm |
| 25:21 | Build | Farm |
| 26:06 | Create | Villager (Male) |
| 26:07 | Create | Villager (Male) |
| 26:09 | Research | Iron Casting |
| 26:24 | Research | Arson |
| 26:35 | Create | Spearman |
| 26:35 | Create | Spearman |
| 27:11 | Create | Spearman |
| 27:12 | Create | Spearman |
| 27:32 | Create | Spearman |
| 27:32 | Create | Spearman |
| 27:51 | Create | Militia |
| 27:52 | Create | Militia |
| 27:52 | Create | Militia |
Build order — TM PIMPON
141 actions detected in the replay
| 0:12 | Build | House |
| 0:13 | Build | House |
| 0:17 | Create | Villager (Male) |
| 0:18 | Create | Villager (Male) |
| 0:50 | Create | Villager (Male) |
| 0:50 | Create | Villager (Male) |
| 0:50 | Create | Villager (Male) |
| 0:57 | Build | House |
| 0:58 | Build | House |
| 2:06 | Create | Villager (Male) |
| 2:35 | Create | Villager (Male) |
| 2:51 | Create | Villager (Male) |
| 3:17 | Create | Villager (Male) |
| 3:45 | Create | Villager (Male) |
| 4:26 | Create | Villager (Male) |
| 4:56 | Create | Villager (Male) |
| 5:06 | Build | Mill |
| 5:18 | Create | Villager (Male) |
| 5:19 | Research | Loom |
| 5:40 | Create | Villager (Male) |
| 5:40 | Create | Villager (Male) |
| 6:15 | Build | Lumber Camp |
| 6:20 | Create | Villager (Male) |
| 6:47 | Create | Villager (Male) |
| 7:00 | Build | House |
| 7:05 | Build | House |
| 7:18 | Create | Villager (Male) |
| 7:18 | Create | Villager (Male) |
| 7:41 | Create | Villager (Male) |
| 8:05 | Create | Villager (Male) |
| 8:17 | Create | Villager (Male) |
| 8:25 | Build | Mill |
| 8:47 | Research | Feudal Age |
| 10:55 | Build | Mining Camp |
| 10:57 | Age | Feudal Age |
| 11:05 | Build | Gate |
| 11:09 | Create | Villager (Male) |
| 11:25 | Create | Villager (Male) |
| 11:45 | Build | Barracks |
| 11:55 | Create | Villager (Male) |
| 12:09 | Create | Villager (Male) |
| 12:33 | Build | Stone Wall |
| 12:38 | Create | Villager (Male) |
| 12:45 | Build | Lumber Camp |
| 12:54 | Create | Villager (Male) |
| 13:24 | Create | Villager (Male) |
| 13:54 | Build | Stable |
| 13:58 | Create | Villager (Male) |
| 14:13 | Build | Farm |
| 14:13 | Build | Farm |
| 14:21 | Build | Gate |
| 14:25 | Build | Stone Wall |
| 14:26 | Build | Stone Wall |
| 14:34 | Build | Stone Wall |
| 14:39 | Create | Villager (Male) |
| 14:40 | Create | Villager (Male) |
| 14:51 | Build | House |
| 14:54 | Build | House |
| 14:56 | Build | House |
| 15:20 | Create | Villager (Male) |
| 15:20 | Create | Villager (Male) |
| 15:27 | Build | Blacksmith |
| 15:39 | Create | Villager (Male) |
| 16:00 | Build | Stone Wall |
| 16:08 | Build | Farm |
| 16:08 | Build | Farm |
| 16:08 | Build | Farm |
| 16:08 | Build | Farm |
| 16:24 | Research | Castle Age |
| 16:54 | Build | Stone Wall |
| 17:15 | Build | Mining Camp |
| 17:27 | Build | Farm |
| 17:28 | Build | Farm |
| 17:28 | Build | Farm |
| 17:28 | Build | Farm |
| 17:28 | Build | Farm |
| 17:32 | Research | Horse Collar |
| 18:10 | Build | Stable |
| 18:32 | Create | Villager (Male) |
| 18:56 | Build | Gate |
| 19:04 | Age | Castle Age |
| 19:16 | Create | Knight ×3 |
| 19:31 | Build | Farm |
| 19:32 | Build | Farm |
| 19:32 | Build | Farm |
| 19:42 | Build | Town Center |
| 19:46 | Create | Villager (Male) |
| 19:47 | Create | Villager (Male) |
| 19:47 | Create | Villager (Male) |
| 20:04 | Create | Villager (Male) |
| 20:19 | Create | Villager (Male) |
| 20:19 | Create | Villager (Male) |
| 20:36 | Build | House |
| 20:37 | Build | House |
| 20:38 | Build | House |
| 20:43 | Create | Villager (Male) |
| 20:43 | Create | Villager (Male) |
| 21:09 | Create | Knight |
| 21:43 | Research | Scale Barding Armor |
| 21:52 | Create | Knight |
| 22:02 | Create | Villager (Male) |
| 22:02 | Create | Villager (Male) |
| 22:24 | Build | Siege Workshop |
| 22:27 | Create | Villager (Male) |
| 22:28 | Create | Villager (Male) |
| 22:55 | Build | House |
| 23:03 | Build | Farm |
| 23:03 | Build | Farm |
| 23:03 | Build | Farm |
| 23:04 | Build | Farm |
| 23:09 | Create | Villager (Male) |
| 23:09 | Create | Villager (Male) |
| 23:10 | Create | Villager (Male) |
| 23:24 | Build | Market |
| 23:33 | Create | Battering Ram |
| 23:37 | Create | Mangonel |
| 23:46 | Create | Villager (Male) |
| 23:47 | Create | Villager (Male) |
| 24:12 | Research | Husbandry |
| 25:04 | Create | Villager (Male) |
| 25:07 | Research | Wheelbarrow |
| 25:51 | Research | Bloodlines |
| 25:55 | Research | Forging |
| 26:23 | Create | Villager (Male) |
| 26:23 | Create | Villager (Male) |
| 27:38 | Build | Castle |
| 28:01 | Create | Knight ×5 |
| 28:01 | Create | Knight ×3 |
| 28:56 | Build | Siege Workshop |
| 29:04 | Research | Iron Casting |
| 29:06 | Research | Hand Cart |
| 29:10 | Create | Villager (Male) |
| 29:11 | Create | Villager (Male) |
| 29:11 | Create | Villager (Male) |
| 29:19 | Create | Battering Ram |
| 29:28 | Build | Stable |
| 29:30 | Build | Stable |
| 29:42 | Create | Villager (Male) |
| 29:42 | Create | Villager (Male) |
| 29:42 | Create | Villager (Male) |
| 29:43 | Create | Villager (Male) |
Build order — [LHS] | yinzerito
131 actions detected in the replay
| 0:02 | Build | House |
| 0:03 | Create | Villager (Male) ×4 |
| 0:04 | Build | House |
| 1:30 | Create | Villager (Male) |
| 1:30 | Create | Villager (Male) |
| 2:05 | Create | Villager (Male) |
| 2:24 | Create | Villager (Male) |
| 3:02 | Create | Villager (Male) |
| 3:23 | Create | Villager (Male) |
| 3:23 | Create | Villager (Male) |
| 3:48 | Create | Villager (Male) |
| 4:04 | Build | House |
| 4:26 | Build | Mill |
| 4:30 | Build | House |
| 4:38 | Create | Villager (Male) |
| 5:05 | Create | Villager (Male) |
| 5:19 | Research | Loom |
| 5:50 | Create | Villager (Male) |
| 5:51 | Create | Villager (Male) |
| 6:48 | Build | Lumber Camp |
| 6:50 | Create | Villager (Male) |
| 7:18 | Research | Feudal Age |
| 7:18 | Research | Feudal Age |
| 7:48 | Build | House |
| 7:52 | Build | Palisade Wall |
| 9:09 | Build | Barracks |
| 9:25 | Create | Villager (Male) |
| 9:28 | Age | Feudal Age |
| 9:33 | Create | Villager (Male) |
| 9:54 | Create | Spearman |
| 10:10 | Build | Blacksmith |
| 10:15 | Create | Spearman |
| 10:30 | Create | Villager (Male) |
| 10:31 | Create | Villager (Male) |
| 10:35 | Research | Double-Bit Axe |
| 10:47 | Research | Scale Mail Armor |
| 10:53 | Build | House |
| 10:58 | Build | Market |
| 11:01 | Build | Palisade Wall |
| 11:02 | Create | Villager (Male) |
| 11:30 | Create | Spearman |
| 11:36 | Build | House |
| 11:39 | Build | Stone Wall |
| 11:44 | Build | Mining Camp |
| 11:57 | Create | Villager (Male) |
| 12:18 | Build | Farm |
| 12:19 | Build | Farm |
| 12:20 | Create | Villager (Male) |
| 12:28 | Build | Farm |
| 12:30 | Create | Villager (Male) |
| 12:36 | Create | Spearman |
| 12:43 | Build | Farm |
| 12:53 | Build | House |
| 12:54 | Build | Stone Wall |
| 13:02 | Create | Villager (Male) |
| 13:06 | Create | Spearman |
| 13:18 | Create | Villager (Male) |
| 13:19 | Create | Villager (Male) |
| 13:28 | Build | Farm |
| 13:29 | Create | Villager (Male) |
| 13:51 | Build | Archery Range |
| 13:52 | Create | Villager (Male) |
| 13:57 | Create | Villager (Male) |
| 14:00 | Build | Farm |
| 14:01 | Build | Farm |
| 14:09 | Create | Villager (Male) |
| 14:24 | Build | Farm |
| 14:25 | Create | Villager (Male) |
| 14:44 | Build | Gate |
| 14:49 | Build | Farm |
| 14:50 | Create | Villager (Male) |
| 15:14 | Build | Farm |
| 15:15 | Build | Farm |
| 15:34 | Build | Mill |
| 15:47 | Build | Farm |
| 15:48 | Build | Farm |
| 15:50 | Create | Villager (Male) |
| 15:58 | Build | House |
| 16:00 | Build | Stone Wall |
| 16:48 | Build | Stone Wall |
| 16:50 | Build | Stone Wall |
| 16:59 | Build | House |
| 17:03 | Build | Stone Wall |
| 17:04 | Create | Villager (Male) |
| 17:11 | Build | Farm |
| 17:12 | Create | Villager (Male) |
| 17:37 | Build | Archery Range |
| 17:41 | Build | Farm |
| 17:50 | Research | Castle Age |
| 17:50 | Research | Castle Age |
| 18:05 | Research | Gold Mining |
| 18:14 | Create | Archer ×4 |
| 18:36 | Build | House |
| 18:42 | Build | House |
| 18:45 | Build | Stone Wall |
| 18:55 | Build | Farm |
| 19:03 | Build | House |
| 19:09 | Create | Archer ×2 |
| 19:25 | Research | Horse Collar |
| 19:37 | Build | House |
| 19:40 | Build | Stone Wall |
| 19:41 | Build | Stone Wall |
| 19:49 | Build | Mining Camp |
| 20:00 | Build | Farm |
| 20:13 | Create | Spearman |
| 20:39 | Research | Fletching |
| 20:47 | Research | Stone Mining |
| 20:52 | Age | Castle Age |
| 21:15 | Build | Town Center |
| 21:20 | Create | Villager (Male) |
| 21:20 | Create | Villager (Male) |
| 21:20 | Create | Villager (Male) |
| 21:35 | Research | Crossbowman (upgrade) |
| 21:35 | Create | Villager (Male) |
| 21:46 | Research | Bodkin Arrow |
| 23:23 | Build | Siege Workshop |
| 23:23 | Create | Villager (Male) |
| 23:24 | Create | Villager (Male) |
| 23:37 | Create | Villager (Male) |
| 23:41 | Research | Bow Saw |
| 23:50 | Create | Villager (Male) |
| 24:04 | Create | Mangonel |
| 24:12 | Create | Villager (Male) |
| 24:16 | Research | Wheelbarrow |
| 24:21 | Create | Villager (Male) |
| 24:43 | Create | Villager (Male) |
| 25:18 | Create | Mangonel |
| 26:00 | Build | Town Center |
| 26:31 | Build | Town Center |
| 27:35 | Create | Villager (Male) |
| 28:06 | Build | Farm |
Build order — IhateArena
First 150 of 173 actions detected
| 0:04 | Create | Villager (Male) |
| 0:04 | Create | Villager (Male) |
| 0:05 | Create | Villager (Male) ×2 |
| 0:11 | Build | House |
| 0:12 | Build | House |
| 1:31 | Create | Villager (Male) |
| 1:31 | Create | Villager (Male) |
| 2:00 | Build | Lumber Camp |
| 2:11 | Create | Villager (Male) |
| 2:23 | Create | Villager (Male) |
| 2:55 | Create | Villager (Male) |
| 2:55 | Create | Villager (Male) |
| 3:11 | Build | House |
| 3:11 | Create | Villager (Male) |
| 3:59 | Create | Villager (Male) |
| 3:59 | Create | Villager (Male) |
| 4:15 | Build | Mill |
| 4:32 | Create | Villager (Male) |
| 4:47 | Create | Villager (Male) |
| 4:48 | Create | Villager (Male) |
| 5:05 | Create | Villager (Male) |
| 5:07 | Create | Villager (Male) |
| 5:09 | Research | Loom |
| 5:10 | Research | Loom |
| 6:23 | Research | Feudal Age |
| 7:11 | Build | Barracks |
| 8:27 | Build | House |
| 8:33 | Age | Feudal Age |
| 8:35 | Create | Villager (Male) |
| 8:38 | Build | Stable |
| 8:41 | Create | Villager (Male) |
| 8:42 | Create | Villager (Male) |
| 8:43 | Research | Double-Bit Axe |
| 9:01 | Build | Stone Wall |
| 9:05 | Create | Villager (Male) |
| 9:17 | Build | Stone Wall |
| 9:29 | Build | Palisade Gate |
| 9:31 | Build | Palisade Gate |
| 9:33 | Build | House |
| 9:34 | Build | Palisade Wall |
| 9:51 | Create | Scout Cavalry |
| 9:52 | Create | Scout Cavalry |
| 9:52 | Create | Scout Cavalry |
| 9:52 | Create | Scout Cavalry ×2 |
| 9:56 | Create | Villager (Male) |
| 9:59 | Build | Mining Camp |
| 10:39 | Create | Villager (Male) |
| 10:48 | Build | Mill |
| 10:53 | Create | Villager (Male) |
| 10:57 | Build | House |
| 10:59 | Build | House |
| 11:09 | Build | House |
| 11:10 | Build | House |
| 11:13 | Build | House |
| 11:32 | Build | Stone Wall |
| 11:35 | Create | Villager (Male) |
| 11:45 | Build | Stone Wall |
| 11:46 | Build | Gate |
| 12:01 | Build | Lumber Camp |
| 12:21 | Create | Villager (Male) |
| 12:25 | Build | Mill |
| 12:39 | Build | Stone Wall |
| 12:48 | Create | Villager (Male) |
| 12:58 | Build | Stone Wall |
| 13:09 | Create | Villager (Male) |
| 13:43 | Create | Villager (Male) |
| 14:09 | Build | Market |
| 14:19 | Create | Villager (Male) |
| 14:21 | Build | House |
| 14:21 | Build | House |
| 14:43 | Create | Villager (Male) |
| 14:57 | Create | Villager (Male) |
| 15:00 | Create | Villager (Male) |
| 15:00 | Create | Villager (Male) |
| 15:03 | Build | Blacksmith |
| 15:09 | Create | Villager (Male) |
| 15:09 | Create | Villager (Male) |
| 15:11 | Create | Villager (Male) |
| 15:11 | Create | Villager (Male) |
| 15:12 | Build | Farm |
| 15:12 | Build | Farm |
| 15:12 | Build | Farm |
| 15:12 | Build | Farm |
| 15:13 | Build | Farm |
| 15:41 | Create | Villager (Male) |
| 15:51 | Build | Mining Camp |
| 15:51 | Create | Villager (Male) |
| 16:04 | Build | House |
| 16:05 | Build | House |
| 16:57 | Create | Villager (Male) |
| 16:59 | Build | Farm |
| 16:59 | Create | Villager (Male) |
| 17:21 | Create | Villager (Male) |
| 17:51 | Create | Villager (Male) |
| 18:18 | Build | Farm |
| 18:18 | Build | Farm |
| 18:18 | Build | Farm |
| 18:44 | Create | Villager (Male) |
| 18:54 | Research | Castle Age |
| 19:26 | Research | Fletching |
| 19:59 | Research | Bloodlines |
| 19:59 | Research | Bloodlines |
| 21:00 | Create | Villager (Male) |
| 21:01 | Create | Villager (Male) |
| 21:34 | Age | Castle Age |
| 21:35 | Build | Castle |
| 21:41 | Research | Bodkin Arrow |
| 21:41 | Research | Bodkin Arrow |
| 21:42 | Research | Wheelbarrow |
| 21:42 | Research | Wheelbarrow |
| 21:44 | Build | University |
| 21:53 | Research | Husbandry |
| 21:53 | Research | Husbandry |
| 22:28 | Create | Villager (Male) |
| 22:29 | Create | Villager (Male) |
| 22:36 | Build | Town Center |
| 22:45 | Research | Horse Collar |
| 22:45 | Research | Bow Saw |
| 22:56 | Research | Ballistics |
| 23:15 | Create | Villager (Male) |
| 23:37 | Create | Villager (Male) |
| 24:08 | Create | Mangudai |
| 24:08 | Create | Mangudai |
| 24:08 | Create | Mangudai |
| 24:09 | Create | Mangudai |
| 24:12 | Build | House |
| 24:13 | Build | House |
| 24:21 | Research | Padded Archer Armor |
| 24:23 | Create | Villager (Male) |
| 24:24 | Create | Villager (Male) |
| 24:24 | Create | Villager (Male) |
| 24:28 | Build | Town Center |
| 24:39 | Create | Villager (Male) |
| 24:40 | Create | Villager (Male) |
| 24:46 | Build | Lumber Camp |
| 24:53 | Create | Mangudai |
| 25:32 | Create | Villager (Male) |
| 25:33 | Create | Villager (Male) |
| 25:51 | Create | Villager (Male) |
| 25:51 | Create | Villager (Male) |
| 26:05 | Build | Town Center |
| 26:11 | Build | Farm |
| 26:13 | Build | Farm |
| 26:47 | Create | Mangudai |
| 26:47 | Create | Mangudai |
| 26:47 | Create | Mangudai |
| 26:48 | Create | Mangudai |
| 26:48 | Create | Mangudai |
| 26:49 | Create | Villager (Male) |
| 26:49 | Create | Villager (Male) |
Build order — [LHS] | Giancarlo
88 actions detected in the replay
| 0:05 | Build | House |
| 0:07 | Build | House |
| 0:11 | Create | Villager (Male) |
| 0:11 | Create | Villager (Male) |
| 0:11 | Create | Villager (Male) |
| 0:12 | Create | Villager (Male) |
| 0:12 | Create | Villager (Male) |
| 2:01 | Research | Loom |
| 2:36 | Build | House |
| 2:44 | Create | Villager (Male) |
| 2:44 | Create | Villager (Male) |
| 2:45 | Create | Villager (Male) |
| 3:03 | Create | Villager (Male) |
| 3:34 | Create | Villager (Male) |
| 3:42 | Create | Villager (Male) |
| 4:00 | Create | Villager (Male) |
| 4:28 | Create | Villager (Male) |
| 5:29 | Build | Mill |
| 6:04 | Create | Villager (Male) |
| 6:05 | Create | Villager (Male) |
| 6:05 | Create | Villager (Male) |
| 6:27 | Create | Villager (Male) |
| 7:07 | Create | Villager (Male) |
| 7:07 | Create | Villager (Male) |
| 7:14 | Build | House |
| 7:57 | Build | Lumber Camp |
| 8:34 | Create | Villager (Male) |
| 8:35 | Create | Villager (Male) |
| 9:29 | Create | Villager (Male) |
| 10:16 | Research | Feudal Age |
| 10:29 | Build | Mill |
| 12:07 | Build | Farm |
| 12:09 | Build | Farm |
| 12:10 | Build | Farm |
| 12:12 | Build | Farm |
| 12:26 | Age | Feudal Age |
| 12:27 | Build | House |
| 12:38 | Build | House |
| 12:47 | Research | Wheelbarrow |
| 12:50 | Research | Double-Bit Axe |
| 12:53 | Research | Horse Collar |
| 13:18 | Build | Market |
| 13:24 | Build | Blacksmith |
| 14:10 | Create | Villager (Male) |
| 14:11 | Create | Villager (Male) |
| 14:44 | Build | Farm |
| 17:07 | Build | Barracks |
| 17:47 | Research | Castle Age |
| 20:27 | Age | Castle Age |
| 20:34 | Build | Town Center |
| 20:44 | Research | Bow Saw |
| 20:47 | Create | Villager (Male) |
| 20:47 | Create | Villager (Male) |
| 20:48 | Create | Villager (Male) |
| 22:11 | Build | Farm |
| 22:11 | Build | Farm |
| 22:12 | Build | Farm |
| 22:26 | Create | Spearman |
| 22:26 | Create | Spearman |
| 23:38 | Build | Farm |
| 23:39 | Build | Farm |
| 23:56 | Create | Villager (Male) |
| 23:57 | Create | Villager (Male) |
| 23:57 | Create | Villager (Male) |
| 23:57 | Create | Villager (Male) |
| 24:20 | Build | Mining Camp |
| 24:40 | Research | Forging |
| 25:08 | Research | Heavy Plow |
| 25:15 | Create | Spearman |
| 25:16 | Create | Spearman |
| 25:45 | Build | Archery Range |
| 25:57 | Research | Fletching |
| 26:32 | Research | Bodkin Arrow |
| 26:40 | Create | Spearman |
| 27:15 | Research | Stone Mining |
| 27:19 | Create | Villager (Male) |
| 27:20 | Create | Villager (Male) |
| 27:26 | Build | Archery Range |
| 27:29 | Create | Skirmisher |
| 27:29 | Create | Skirmisher |
| 27:51 | Build | House |
| 27:56 | Research | Stone Shaft Mining |
| 28:33 | Create | Villager (Male) |
| 28:43 | Create | Skirmisher |
| 28:47 | Create | Skirmisher |
| 28:47 | Create | Skirmisher |
| 28:57 | Build | House |
| 28:58 | Build | House |
Build order — ComeCanchaDelAño
First 150 of 177 actions detected
| 0:02 | Create | Villager (Male) |
| 0:02 | Create | Villager (Male) |
| 0:02 | Create | Villager (Male) |
| 0:02 | Create | Villager (Male) |
| 0:02 | Create | Villager (Male) |
| 0:04 | Build | House |
| 0:05 | Build | House |
| 1:22 | Create | Villager (Male) |
| 1:56 | Build | Lumber Camp |
| 2:05 | Create | Villager (Male) |
| 2:27 | Create | Villager (Male) |
| 3:19 | Create | Villager (Male) |
| 3:19 | Create | Villager (Male) |
| 3:23 | Build | House |
| 3:50 | Create | Villager (Male) |
| 3:55 | Build | Mill |
| 4:29 | Create | Villager (Male) |
| 4:30 | Create | Villager (Male) |
| 4:58 | Create | Villager (Male) |
| 4:58 | Create | Villager (Male) |
| 5:33 | Build | House |
| 5:56 | Build | Farm |
| 5:57 | Build | Farm |
| 5:57 | Build | Farm |
| 5:57 | Build | Farm |
| 6:07 | Build | Farm |
| 6:10 | Create | Villager (Male) |
| 6:11 | Create | Villager (Male) |
| 6:53 | Create | Villager (Male) |
| 6:54 | Create | Villager (Male) |
| 7:05 | Build | Mining Camp |
| 7:50 | Research | Feudal Age |
| 7:51 | Research | Loom |
| 9:49 | Build | House |
| 9:54 | Age | Feudal Age |
| 10:04 | Build | Market |
| 10:08 | Build | House |
| 10:11 | Build | Blacksmith |
| 10:13 | Create | Villager (Male) |
| 10:13 | Create | Villager (Male) |
| 11:36 | Research | Castle Age |
| 11:45 | Build | Mining Camp |
| 11:56 | Build | Stone Wall |
| 12:28 | Build | Stone Wall |
| 13:21 | Build | Farm |
| 13:34 | Research | Double-Bit Axe |
| 13:47 | Create | Villager (Male) |
| 13:48 | Create | Villager (Male) |
| 13:48 | Create | Villager (Male) |
| 13:55 | Research | Wheelbarrow |
| 14:01 | Age | Castle Age |
| 16:20 | Build | Town Center |
| 16:25 | Create | Villager (Male) |
| 16:26 | Create | Villager (Male) |
| 16:50 | Create | Villager (Male) |
| 16:52 | Create | Villager (Male) |
| 17:38 | Create | Villager (Male) |
| 17:40 | Create | Villager (Male) |
| 17:55 | Build | House |
| 17:59 | Build | House |
| 18:22 | Build | Castle |
| 18:32 | Create | Villager (Male) |
| 18:32 | Create | Villager (Male) |
| 18:33 | Create | Villager (Male) |
| 18:41 | Build | Farm |
| 18:42 | Build | Farm |
| 18:42 | Build | Farm |
| 18:42 | Build | Farm |
| 18:44 | Build | Farm |
| 18:50 | Create | Villager (Male) |
| 18:54 | Build | Farm |
| 19:23 | Build | Barracks |
| 19:25 | Create | Villager (Male) |
| 19:25 | Create | Villager (Male) |
| 19:26 | Create | Villager (Male) |
| 19:26 | Create | Villager (Male) |
| 19:39 | Research | Horse Collar |
| 19:56 | Create | Villager (Male) |
| 19:57 | Create | Villager (Male) |
| 20:20 | Build | Lumber Camp |
| 20:27 | Create | Villager (Male) |
| 20:28 | Create | Villager (Male) |
| 20:51 | Create | Villager (Male) |
| 20:56 | Create | Villager (Male) |
| 21:09 | Create | Villager (Male) |
| 21:13 | Create | Villager (Male) |
| 21:38 | Build | Siege Workshop |
| 21:48 | Create | Villager (Male) |
| 21:49 | Create | Villager (Male) |
| 22:06 | Build | Town Center |
| 22:09 | Create | Villager (Male) |
| 22:25 | Research | Fletching |
| 22:30 | Create | Scorpion |
| 22:31 | Create | Scorpion |
| 22:49 | Create | Villager (Male) |
| 22:50 | Create | Villager (Male) |
| 22:54 | Create | Villager (Male) |
| 22:58 | Build | Farm |
| 23:00 | Create | Villager (Male) |
| 23:26 | Create | Villager (Male) |
| 23:27 | Create | Villager (Male) |
| 23:29 | Create | Villager (Male) |
| 23:37 | Create | Battering Ram |
| 23:40 | Create | Mangonel |
| 23:46 | Build | Stable |
| 23:57 | Create | Villager (Male) |
| 24:16 | Build | Farm |
| 24:16 | Build | Farm |
| 24:17 | Build | Farm |
| 24:17 | Build | Farm |
| 24:17 | Build | Farm |
| 24:19 | Build | Farm |
| 24:22 | Build | Farm |
| 24:26 | Create | Villager (Male) |
| 24:26 | Create | Villager (Male) |
| 24:46 | Create | Battering Ram |
| 25:49 | Create | Battering Ram |
| 25:55 | Create | Knight |
| 25:56 | Create | Knight |
| 25:56 | Create | Knight |
| 25:56 | Create | Knight |
| 25:56 | Create | Knight |
| 26:02 | Create | Villager (Male) |
| 26:02 | Create | Villager (Male) |
| 26:03 | Create | Villager (Male) |
| 26:03 | Create | Villager (Male) |
| 26:03 | Create | Villager (Male) |
| 26:03 | Create | Villager (Male) |
| 26:15 | Research | Gold Mining |
| 26:17 | Create | Villager (Male) |
| 26:18 | Create | Villager (Male) |
| 27:00 | Create | Mangonel |
| 27:11 | Build | Farm |
| 27:11 | Build | Farm |
| 27:11 | Build | Farm |
| 27:12 | Build | Farm |
| 27:12 | Build | Farm |
| 27:12 | Build | Farm |
| 27:19 | Create | Villager (Male) |
| 27:19 | Create | Villager (Male) |
| 27:19 | Create | Villager (Male) |
| 27:19 | Create | Villager (Male) |
| 27:20 | Create | Villager (Male) |
| 27:20 | Create | Villager (Male) |
| 27:23 | Build | House |
| 27:26 | Build | House |
| 27:26 | Build | House |
| 27:28 | Build | House |
| 27:30 | Build | House |
| 27:31 | Build | House |
Build order — [LHS] | Sikeljam
115 actions detected in the replay
| 0:01 | Create | Villager (Male) |
| 0:01 | Create | Villager (Male) |
| 0:01 | Create | Villager (Male) |
| 0:02 | Create | Villager (Male) |
| 0:02 | Create | Villager (Male) |
| 0:03 | Build | House |
| 0:05 | Build | House |
| 1:33 | Create | Villager (Male) |
| 1:56 | Build | Settlement |
| 2:01 | Create | Villager (Male) |
| 2:22 | Create | Villager (Male) |
| 2:47 | Create | Villager (Male) |
| 3:13 | Create | Villager (Male) |
| 3:43 | Create | Villager (Male) |
| 4:04 | Create | Villager (Male) |
| 4:31 | Create | Villager (Male) |
| 5:21 | Create | Villager (Male) |
| 5:43 | Create | Villager (Male) |
| 5:57 | Build | Settlement |
| 6:05 | Create | Villager (Male) |
| 6:30 | Research | Loom |
| 7:03 | Research | Feudal Age |
| 7:14 | Build | Farm |
| 7:17 | Build | Farm |
| 7:56 | Build | Farm |
| 8:03 | Build | House |
| 8:10 | Build | Palisade Wall |
| 8:16 | Build | Palisade Wall |
| 8:32 | Build | Palisade Wall |
| 9:13 | Create | Villager (Male) |
| 9:13 | Age | Feudal Age |
| 9:14 | Create | Villager (Male) |
| 9:42 | Build | Blacksmith |
| 9:43 | Create | Villager (Male) |
| 9:48 | Build | Farm |
| 10:04 | Build | House |
| 10:10 | Create | Villager (Male) |
| 10:34 | Build | Barracks |
| 10:44 | Create | Villager (Male) |
| 10:58 | Create | Villager (Male) |
| 11:28 | Create | Villager (Male) |
| 11:38 | Research | Gold Mining |
| 12:01 | Build | Archery Range |
| 12:07 | Create | Villager (Male) |
| 12:13 | Create | Villager (Male) |
| 12:16 | Research | Double-Bit Axe |
| 12:46 | Research | Padded Archer Armor |
| 12:46 | Research | Fletching |
| 12:55 | Build | Archery Range |
| 12:59 | Create | Villager (Male) |
| 13:27 | Create | Archer |
| 13:30 | Create | Archer |
| 13:40 | Build | House |
| 13:42 | Build | House |
| 13:46 | Create | Villager (Male) |
| 13:56 | Create | Unit 2550 |
| 14:04 | Create | Archer |
| 14:14 | Create | Unit 2550 |
| 14:17 | Create | Villager (Male) |
| 14:24 | Create | Villager (Male) |
| 15:03 | Create | Unit 2550 |
| 15:18 | Create | Villager (Male) |
| 15:24 | Build | Farm |
| 15:25 | Build | Farm |
| 15:26 | Build | Farm |
| 15:29 | Create | Villager (Male) |
| 16:02 | Create | Villager (Male) |
| 16:03 | Build | Farm |
| 16:06 | Build | Farm |
| 16:07 | Build | Farm |
| 16:31 | Create | Villager (Male) |
| 16:51 | Create | Villager (Male) |
| 17:24 | Create | Villager (Male) |
| 17:25 | Create | Villager (Male) |
| 17:28 | Build | Farm |
| 17:29 | Build | Farm |
| 17:31 | Build | Farm |
| 17:33 | Create | Villager (Male) |
| 18:16 | Research | Forging |
| 18:19 | Create | Villager (Male) |
| 19:21 | Build | Palisade Gate |
| 19:23 | Build | House |
| 19:25 | Build | House |
| 19:27 | Build | House |
| 19:40 | Create | Spearman |
| 19:41 | Create | Spearman |
| 19:41 | Create | Spearman |
| 20:14 | Build | Farm |
| 20:34 | Build | Watch Tower |
| 21:07 | Create | Villager (Male) |
| 21:09 | Create | Villager (Male) |
| 21:40 | Create | Archer |
| 21:41 | Create | Archer |
| 21:41 | Create | Archer |
| 21:42 | Create | Archer |
| 21:42 | Create | Archer |
| 21:42 | Create | Archer |
| 21:43 | Create | Archer |
| 21:58 | Build | Market |
| 22:29 | Create | Archer |
| 22:33 | Build | House |
| 23:14 | Research | Castle Age |
| 23:44 | Create | Archer |
| 24:19 | Build | Watch Tower |
| 24:49 | Create | Spearman |
| 24:50 | Create | Spearman |
| 25:32 | Create | Spearman |
| 25:54 | Age | Castle Age |
| 26:09 | Research | Crossbowman (upgrade) |
| 26:23 | Create | Spearman |
| 26:26 | Build | Siege Workshop |
| 26:54 | Create | Mangonel |
| 27:38 | Create | Spearman |
| 27:38 | Create | Spearman |
| 27:45 | Build | Town Center |
Match timeline
| 7:11 | IhateArena · first_building Barracks |
| 7:38 | [LHS] | nw.kokakkola · first_building Barracks |
| 7:52 | [LHS] | yinzerito · wall_segment Palisade Wall x4 |
| 8:10 | [LHS] | Sikeljam · wall_segment Palisade Wall x5 |
| 8:16 | [LHS] | Sikeljam · wall_segment Palisade Wall x4 |
| 8:32 | [LHS] | Sikeljam · wall_segment Palisade Wall x9 |
| 8:33 | IhateArena · age_up feudal |
| 8:38 | IhateArena · first_building Stable |
| 9:01 | IhateArena · wall_segment Stone Wall x12 |
| 9:09 | [LHS] | yinzerito · first_building Barracks |
| 9:13 | [LHS] | Sikeljam · age_up feudal |
| 9:17 | IhateArena · wall_segment Stone Wall x15 |
| 9:28 | [LHS] | yinzerito · age_up feudal |
| 9:34 | IhateArena · wall_segment Palisade Wall x1 |
| 9:42 | [LHS] | nw.kokakkola · age_up feudal |
| 9:54 | ComeCanchaDelAño · age_up feudal |
| 10:34 | [LHS] | Sikeljam · first_building Barracks |
| 10:57 | TM PIMPON · age_up feudal |
| 10:59 | Nerdyx · age_up feudal |
| 11:01 | [LHS] | yinzerito · wall_segment Palisade Wall x5 |
| 11:32 | IhateArena · wall_segment Stone Wall x16 |
| 11:39 | [LHS] | yinzerito · wall_segment Stone Wall x4 |
| 11:45 | IhateArena · wall_segment Stone Wall x10 |
| 11:45 | TM PIMPON · first_building Barracks |
| 11:56 | ComeCanchaDelAño · wall_segment Stone Wall x8 |
| 12:01 | [LHS] | Sikeljam · first_building Archery Range |
| 12:21 | Nerdyx · first_building Donjon |
| 12:26 | [LHS] | Giancarlo · age_up feudal |
| 12:28 | ComeCanchaDelAño · wall_segment Stone Wall x14 |
| 12:33 | TM PIMPON · wall_segment Stone Wall x11 |
| 12:39 | IhateArena · wall_segment Stone Wall x6 |
| 12:54 | [LHS] | yinzerito · wall_segment Stone Wall x1 |
| 12:58 | IhateArena · wall_segment Stone Wall x1 |
| 13:51 | [LHS] | yinzerito · first_building Archery Range |
| 13:54 | TM PIMPON · first_building Stable |
| 14:01 | ComeCanchaDelAño · age_up castle |
| 14:25 | TM PIMPON · wall_segment Stone Wall x1 |
| 14:26 | TM PIMPON · wall_segment Stone Wall x1 |
| 14:34 | TM PIMPON · wall_segment Stone Wall x1 |
| 15:59 | [LHS] | nw.kokakkola · wall_segment Palisade Wall x3 |
| 16:00 | TM PIMPON · wall_segment Stone Wall x4 |
| 16:00 | [LHS] | yinzerito · wall_segment Stone Wall x1 |
| 16:02 | [LHS] | nw.kokakkola · wall_segment Palisade Wall x7 |
| 16:07 | [LHS] | nw.kokakkola · wall_segment Palisade Wall x9 |
| 16:10 | [LHS] | nw.kokakkola · wall_segment Palisade Wall x5 |
| 16:16 | [LHS] | nw.kokakkola · wall_segment Palisade Wall x4 |
| 16:21 | [LHS] | nw.kokakkola · wall_segment Palisade Wall x7 |
| 16:48 | [LHS] | yinzerito · wall_segment Stone Wall x1 |
| 16:50 | [LHS] | yinzerito · wall_segment Stone Wall x1 |
| 16:54 | TM PIMPON · wall_segment Stone Wall x9 |
| 17:02 | ComeCanchaDelAño · first_market_buy 100 stone |
| 17:03 | Nerdyx · wall_segment Stone Wall x1 |
| 17:03 | [LHS] | yinzerito · wall_segment Stone Wall x5 |
| 17:07 | [LHS] | Giancarlo · first_building Barracks |
| 17:41 | [LHS] | Giancarlo · first_market_sell 100 food |
| 17:48 | [LHS] | yinzerito · first_market_buy 100 food |
| 18:22 | ComeCanchaDelAño · first_building Castle |
| 18:27 | Nerdyx · wall_segment Stone Wall x8 |
| 18:30 | Nerdyx · wall_segment Stone Wall x7 |
| 18:45 | [LHS] | yinzerito · wall_segment Stone Wall x1 |
| 18:54 | IhateArena · first_market_sell 100 wood |
| 19:04 | TM PIMPON · age_up castle |
| 19:23 | ComeCanchaDelAño · first_building Barracks |
| 19:24 | [LHS] | nw.kokakkola · age_up castle |
| 19:40 | [LHS] | yinzerito · wall_segment Stone Wall x1 |
| 19:41 | [LHS] | yinzerito · wall_segment Stone Wall x1 |
| 20:27 | [LHS] | Giancarlo · age_up castle |
| 20:44 | [LHS] | nw.kokakkola · first_building Monastery |
| 20:52 | [LHS] | yinzerito · age_up castle |
| 21:34 | IhateArena · age_up castle |
| 21:35 | IhateArena · first_building Castle |
| 21:38 | ComeCanchaDelAño · first_building Siege Workshop |
| 21:52 | IhateArena · first_market_buy 100 food |
| 22:05 | Nerdyx · first_market_buy 100 food |
| 22:24 | TM PIMPON · first_building Siege Workshop |
| 22:41 | [LHS] | yinzerito · first_market_sell 100 food |
| 22:59 | [LHS] | Sikeljam · first_market_buy 100 food |
| 23:23 | [LHS] | yinzerito · first_building Siege Workshop |
| 23:46 | ComeCanchaDelAño · first_building Stable |
| 24:58 | Nerdyx · age_up castle |
| 25:45 | [LHS] | Giancarlo · first_building Archery Range |
| 25:54 | [LHS] | Sikeljam · age_up castle |
| 26:15 | TM PIMPON · first_market_buy 100 stone |
| 26:26 | [LHS] | Sikeljam · first_building Siege Workshop |
| 26:48 | Nerdyx · first_market_sell 100 stone |
| 27:38 | TM PIMPON · first_building Castle |
| 29:00 | [LHS] | yinzerito · resign |
[ AI ANALYSIS · 1 CREDIT ]
What really happened in this match?
Wolo.gg analyzes every decision: build order, eco, micro, common mistakes by bracket. Personalized analysis on WhatsApp or Discord in 30 seconds.
Civ guide
Sicilians
Perfil
Jugador #5968340